 Dungeon Sprint DCSS version 0.29.1-12-g30fa7ad0bf (webtiles) character file.

Game seed: 12003433737950370432

30584 Groucho the Earth Mage (level 13, -10/67 HPs)
             Began as a Spriggan Earth Elementalist on Dec 28, 2022.
             Was the Champion of Vehumet.
             Killed from afar by an acid blob (29 damage)
             ... with a splash of acid
             ... in the Dungeon (Sprint VII: "The Pits").
             The game lasted 00:42:45 (15125 turns).

Groucho the Earth Mage (SpEE)                      Turns: 15125, Time: 00:42:45

Health: -10/67     AC:  4    Str:  4    XL:     13   Next: 21%
Magic:  29/34      EV: 30    Int: 25    God:    Vehumet [******]
Gold:   62         SH:  0    Dex: 18    Spells: 10/44 levels left

rFire   . . .      SeeInvis +   p - +4 quarterstaff (speed)
rCold   . . .      Faith    .   (shield currently unavailable)
rNeg    . . .      Spirit   .   a - +0 robe
rPois   .          Reflect  .   (helmet restricted)
rElec   .          Harm     .   z - +1 cloak
rCorr   .          Rampage  .   (gloves unavailable)
Will    ++...      NoTele   +   (boots unavailable)
Stlth   ++........              (no amulet)
HPRegen 0.21/turn               h - +3 ring of dexterity
MPRegen 0.24/turn               k - +3 ring of intelligence

@: very quick
A: very small, no large weapons, unfitting armour, see invisible, speed 3
a: Renounce Religion


You were in the Dungeon.
You worshipped Vehumet.
Vehumet was exalted by your worship.
You visited 1 branch You collected 62 gold pieces.

Inventory:

Hand Weapons
 p - a +4 quarterstaff of speed (weapon)
 y - the +5 spear "Spriggan's Bane" {protect, Dex+5}
   (You found it in the Dungeon)

   It grants its wielder temporary protection when it strikes (+7 to AC).
   Dex:       It affects your dexterity (+5).
Missiles
 j - 34 stones (quivered)
Armour
 a - a +0 robe (worn)
 z - a +1 cloak (worn)
 A - +2 acid dragon scales
Jewellery
 h - a +3 ring of dexterity (left hand)
 k - a +3 ring of intelligence (right hand)
 w - a ring of ice
 x - a ring of protection from fire
Wands
 v - a wand of flame (24)
Scrolls
 g - 4 scrolls of blinking
 q - 2 scrolls of enchant armour
 r - a scroll of butterflies
 s - 3 scrolls of identify
 t - 2 scrolls of enchant weapon
 u - a scroll of magic mapping
Potions
 b - 2 potions of magic
 c - 7 potions of curing
 d - 3 potions of heal wounds
 e - 3 potions of haste
 f - 3 potions of berserk rage
 i - a potion of invisibility
 l - 2 potions of might
 m - 2 potions of mutation
 n - 2 potions of resistance
 o - 3 potions of brilliance


   Skills:
 - Level 7.0 Fighting
 * Level 0.9 Armour
 + Level 17.2 Dodging
 - Level 3.0 Stealth
 + Level 16.1 Spellcasting
 * Level 14.4 Conjurations
 - Level 5.0 Transmutations
 * Level 11.7 Fire Magic
 * Level 17.2 Earth Magic


You had 10 spell levels left.
You knew the following spells:

 Your Spells              Type           Power      Damage    Failure   Level
a - Sandblast             Erth           100%       2d20      0%          1
b - Foxfire               Conj/Fire      100%       2x1d9     0%          1
c - Stone Arrow           Conj/Erth      100%       3d13      0%          3
d - Fireball              Conj/Fire      36%        3d15      1%          5
e - Iron Shot             Conj/Erth      39%        9d8       1%          6
f - Shatter               Erth           41%        3d32*     47%         9
g - Fire Storm            Conj/Fire      36%        8d9       95%         9

Your spell library contained the following spells:

 Spells                   Type           Power      Damage    Failure   Level
 Maxwell's Capacitive Co  Air            10%        ∞         100%        8
 Passwall                 Tmut/Erth      55%        N/A       1%          2
 Petrify                  Tmut/Erth      66%        N/A       1%          4


Dungeon Overview and Level Annotations

Branches:
Dungeon (1/1)

Altars:
Ashenzari
Cheibriados
Dithmenos
Elyvilon
Fedhas
Gozag
Hepliaklqana
Kikubaaqudgha
Makhleb
Nemelex Xobeh
Okawaru
Qazlal
Ru
Sif Muna
Trog
Uskayaw
Vehumet
Wu Jian
Xom
Yredelemnul
Zin
The Shining One
Jiyva
Lugonu


Innate Abilities, Weirdness & Mutations

You are very small and have problems with some larger weapons.
You are too small for most types of armour.
You have supernaturally acute eyesight. (SInv)
You cover ground extremely quickly. (Speed+++)


Message History

As you close the door, pushing everything out of the way, it creaks loudly!
Things that are here:
a +0 flail; a +0 plate armour
Items here: ))) [.
There is an open door here.
You close the door.
You start resting.
Magic restored.
You start resting.
HP restored.
You open the door.
There is an open door here.
Items here: ))) [.
Things that are here:
a +0 flail; a +0 plate armour You open the door.
Casting: Iron Shot (dangerous; 1% risk of failure)
Confirm with . or Enter, or press ? or * to list all spells.
Okay, then.
Casting: Iron Shot (dangerous; 1% risk of failure)
Confirm with . or Enter, or press ? or * to list all spells.
Aiming: Iron Shot (dangerous; 1% risk of failure)
Press: ? - help, Shift-Dir - straight line, f - acid blob
Aim: an acid blob (wandering, hasn't noticed you, 98% to hit)
The iron shot hits the acid blob!!!
The acid blob is heavily wounded.
The acid blob quivers.
The acid blob spits acid at you. The splash of acid hits you!!
Unknown command.
You close the door.
Items here: ))) [.
You hear a slurping noise.
The acid blob eats the door!
The acid blob spits acid at you. The splash of acid hits you!
* * * LOW HITPOINT WARNING * * *
The acid blob spits acid at you. The splash of acid hits you!!
You die...

#### ############ ....
#_________.# ....
#_________.# ####
#_______...###########
##########'##.........
#.?..')))'.##......#..
##########.##........p
#....@..[..)J.))..)...
#'#####+#####)....)#..
#.#...#.#[[##.........
#.#...#.#))#####J#####
#.#...'.#))##.......##
#.##'####))##.......##
#.#.....#..##.......##
#.#.....#'###...<...##
#.#........##.......##


You could see an acid blob.

Vanquished Creatures
  A death cob (D)
  A storm dragon (D)
  2 orc warlords (D)
  An eidolon (D)
  A merfolk javelineer (D)
  2 yaktaur captains (D)
  2 vault guards (D)
  A two-headed ogre (D)
  2 naga warriors (D)
  An alligator snapping turtle (D)
  An orb spider (shapeshifter) (D)
  A sea snake (D)
  3 flayed ghosts (D)
  2 lindwurms (D)
  A deep elf pyromancer (D)
  12 orc knights (D)
  A cyclops (D)
  2 orc sorcerers (D)
  Joseph (D)
  2 gargoyles (D)
  2 yaktaurs (D)
  A kobold demonologist (D)
  An efreet (D)
  A freezing wraith (D)
  A red devil (D)
  A troll (D)
  A polar bear (D)
  Prince Ribbit (D)
  9 dream sheep (D)
  8 blink frogs (D)
  A flying skull (D)
  2 snapping turtles (D)
  A jumping spider (D)
  A water elemental (D)
  A fire bat (D)
  9 yaks (D)
  3 vampire mosquitoes (D)
  A redback (D)
  2 swamp drakes (D)
  An acid dragon (D)
  An orc warrior (D)
  2 ice beasts (D)
  A small abomination (D)
  6 wolves (D)
  A centaur (D)
  A kobold brigand (D)
  A necrophage (D)
  A gnoll sergeant (D)
  A scorpion (D)
  A crimson imp (D)
  A hound (D)
  An orc priest (D)
  2 iron imps (D)
  2 iguanas (D)
  An orc wizard (D)
  2 adders (D)
  4 gnolls (D)
  A river rat (D)
  An adder zombie (D)
  5 orcs (D)
  2 giant cockroaches (D)
  A goblin (D)
  2 hobgoblins (D)
  5 jackals (D)
  A ball python (D)
  A ball python zombie (D)
  A bat (D)
  A jackal skeleton (D)
  8 kobolds (D)
146 creatures vanquished.

Vanquished Creatures (others)
  23 foxfires (D)
23 creatures vanquished.

Grand Total: 169 creatures vanquished

Notes
Turn   | Place    | Note
-------+----------+-------------------------------------------
     0 | D        | Groucho the Spriggan Earth Elementalist began the quest for
                  | the Orb.
     0 | D        | Reached XP level 1. HP: 9/9 MP: 5/5
    33 | D        | Found a glowing golden altar of the Shining One.
    33 | D        | Found a glowing silver altar of Zin.
    33 | D        | Found a basalt altar of Yredelemnul.
    33 | D        | Found a shimmering altar of Xom.
    33 | D        | Found an ornate altar of the Wu Jian Council.
    33 | D        | Found a bloodstained altar of Trog.
    33 | D        | Found a shimmering blue altar of Sif Muna.
    33 | D        | Found a sacrificial altar of Ru.
    33 | D        | Found a stormy altar of Qazlal.
    33 | D        | Found an iron altar of Okawaru.
    33 | D        | Found a sparkling altar of Nemelex Xobeh.
    33 | D        | Found a burning altar of Makhleb.
    33 | D        | Found a viscous altar of Jiyva.
    33 | D        | Found a hazy altar of Hepliaklqana.
    33 | D        | Found an opulent altar of Gozag.
    33 | D        | Found a blossoming altar of Fedhas.
    33 | D        | Found a white marble altar of Elyvilon.
    33 | D        | Found a shadowy altar of Dithmenos.
    33 | D        | Found a snail-covered altar of Cheibriados.
    34 | D        | Found a radiant altar of Vehumet.
    34 | D        | Found a corrupted altar of Lugonu.
    35 | D        | Found a hide-covered altar of Uskayaw.
    35 | D        | Found an ancient bone altar of Kikubaaqudgha.
    35 | D        | Found a broken altar of Ashenzari.
    42 | D        | Became a worshipper of Vehumet
    73 | D        | Reached * piety under Vehumet
    73 | D        | Offered knowledge of Foxfire by Vehumet.
    87 | D        | Learned a level 1 spell: Foxfire
   114 | D        | Reached skill level 1 in Conjurations
   114 | D        | Reached XP level 2. HP: 13/13 MP: 1/7
   538 | D        | Reached ** piety under Vehumet
   563 | D        | Offered knowledge of Freeze by Vehumet.
   564 | D        | Reached XP level 3. HP: 16/16 MP: 5/9
   871 | D        | Learned a level 3 spell: Stone Arrow
   880 | D        | Noticed a flying skull
   968 | D        | Killed a flying skull
   969 | D        | Reached skill level 5 in Transmutations
   969 | D        | Reached XP level 4. HP: 9/21 MP: 7/13
   969 | D        | Reached XP level 5. HP: 10/24 MP: 8/15
  1544 | D        | Noticed a centaur
  1549 | D        | Offered knowledge of Conjure Flame by Vehumet.
  1682 | D        | Killed a centaur
  1682 | D        | Reached *** piety under Vehumet
  1683 | D        | Reached skill level 5 in Conjurations
  1683 | D        | Reached skill level 1 in Fire Magic
  1683 | D        | Reached XP level 6. HP: 28/28 MP: 12/17
  1691 | D        | Noticed Prince Ribbit
  1694 | D        | Offered knowledge of Frozen Ramparts by Vehumet.
  1707 | D        | Killed Prince Ribbit
  2065 | D        | Reached **** piety under Vehumet
  2066 | D        | Reached XP level 7. HP: 32/32 MP: 14/19
  2215 | D        | Offered knowledge of Olgreb's Toxic Radiance by Vehumet.
  2497 | D        | Reached ***** piety under Vehumet
  2497 | D        | Offered knowledge of Ozocubu's Refrigeration by Vehumet.
  2985 | D        | Noticed a dream sheep
  2985 | D        | Noticed a dream sheep
  2985 | D        | Noticed a dream sheep
  2990 | D        | Killed a dream sheep
  2991 | D        | Reached XP level 8. HP: 36/36 MP: 22/22
  3001 | D        | Killed a dream sheep
  3002 | D        | Killed a dream sheep
  3003 | D        | Reached skill level 10 in Dodging
  3008 | D        | Noticed a dream sheep
  3012 | D        | Killed a dream sheep
  3013 | D        | Reached skill level 10 in Earth Magic
  3161 | D        | Noticed a blink frog
  3162 | D        | Noticed a blink frog
  3165 | D        | Noticed a blink frog
  3165 | D        | Noticed Joseph
  3166 | D        | Killed a blink frog
  3166 | D        | Offered knowledge of Fireball by Vehumet.
  3166 | D        | Noticed a blink frog
  3167 | D        | Reached skill level 10 in Spellcasting
  3167 | D        | Reached skill level 5 in Fire Magic
  3174 | D        | Killed a blink frog
  3175 | D        | Reached XP level 9. HP: 23/39 MP: 15/24
  3215 | D        | Killed Joseph
  3480 | D        | Learned a level 5 spell: Fireball
  3508 | D        | Noticed a freezing wraith
  3539 | D        | Killed a freezing wraith
  3762 | D        | Noticed an orc sorcerer
  3764 | D        | Killed an orc sorcerer
  3975 | D        | Reached ****** piety under Vehumet
  3992 | D        | Reached XP level 10. HP: 44/44 MP: 21/26
  4006 | D        | Reached skill level 10 in Conjurations
  4260 | D        | Offered knowledge of Freezing Cloud by Vehumet.
  4685 | D        | Noticed a sea snake
  4737 | D        | Killed a sea snake
  5047 | D        | Noticed a flayed ghost
  5053 | D        | Killed a flayed ghost
  5070 | D        | Offered knowledge of Iron Shot by Vehumet.
  5430 | D        | Learned a level 6 spell: Iron Shot
  5704 | D        | Noticed a lindwurm
  5704 | D        | Noticed a flayed ghost
  5711 | D        | Killed a flayed ghost
  5717 | D        | Offered knowledge of Starburst by Vehumet.
  5720 | D        | Killed a lindwurm
  5720 | D        | Noticed a flayed ghost
  5721 | D        | Reached skill level 1 in Fighting
  5721 | D        | Reached XP level 11. HP: 25/49 MP: 18/29
  5735 | D        | Killed a flayed ghost
  5882 | D        | Noticed a two-headed ogre
  5920 | D        | Offered knowledge of Lee's Rapid Deconstruction by Vehumet.
  6102 | D        | Noticed a lindwurm
  6104 | D        | Killed a lindwurm
  6227 | D        | Killed a two-headed ogre
  6536 | D        | Offered knowledge of Lehudib's Crystal Spear by Vehumet.
  6808 | D        | Offered knowledge of Fire Storm by Vehumet.
  6808 | D        | Offered knowledge of Shatter by Vehumet.
  6808 | D        | Offered knowledge of Maxwell's Capacitive Coupling by
                  | Vehumet.
  7094 | D        | Reached skill level 5 in Fighting
  7990 | D        | Noticed an alligator snapping turtle
  8006 | D        | Killed an alligator snapping turtle
  8007 | D        | Reached skill level 15 in Dodging
  8434 | D        | Reached skill level 15 in Earth Magic
  9098 | D        | Learned a level 9 spell: Shatter
  9108 | D        | Learned a level 9 spell: Fire Storm
  9130 | D        | Noticed a deep elf pyromancer
  9130 | D        | Noticed an orc knight
  9130 | D        | Noticed an orc knight
  9130 | D        | Noticed an orc knight
  9130 | D        | Noticed an orc knight
  9130 | D        | Noticed an orc knight
  9130 | D        | Noticed an orc knight
  9130 | D        | Noticed an orc warlord
  9132 | D        | Noticed an orc sorcerer
  9254 | D        | Killed an orc warlord
  9255 | D        | Reached XP level 12. HP: 62/62 MP: 14/31
  9844 | D        | Noticed an orc warlord
  9908 | D        | Killed an orc warlord
 11303 | D        | Reached skill level 15 in Spellcasting
 11691 | D        | Reached skill level 10 in Fire Magic
 12131 | D        | Noticed a naga warrior
 12134 | D        | Noticed a vault guard
 12156 | D        | Killed a vault guard
 12219 | D        | Noticed a death cob
 12227 | D        | Killed a death cob
 12411 | D        | Noticed a storm dragon
 12432 | D        | Killed a storm dragon
 12773 | D        | Killed a naga warrior
 12846 | D        | Noticed a yaktaur captain
 12858 | D        | Killed a yaktaur captain
 13455 | D        | Noticed a vault guard
 13459 | D        | Killed a vault guard
 13460 | D        | Reached XP level 13. HP: 67/67 MP: 22/33
 13522 | D        | Noticed an eidolon
 14132 | D        | Killed an eidolon
 14593 | D        | Got the +5 spear "Spriggan's Bane" {protect, Dex+5}
 14802 | D        | Noticed a yellow draconian annihilator
 14848 | D        | Noticed an ophan
 14848 | D        | Noticed an acid blob
 14850 | D        | Noticed a merfolk javelineer
 14859 | D        | Killed a merfolk javelineer
 15125 | D        | Killed from afar by an acid blob

Illustrated notes

Levels and vault maps discovered:
D:        pitsprint [storerooms_1, entrance_room_1, metal_vault_6, armoury_2,
          mini_pit_1, grid_room_1, main_hall_1, silver_pit, the_coven_1,
          the_vestibule_1, steel_vault_5, golden_pit, hallway_of_sentries,
          crystal_vault_2, iron_vault_1, final_vault]

Skill      XL: |  1  2  3  4  5  6  7  8  9 10 11 12 13 |
---------------+----------------------------------------+-----
Dodging        | 3 4 6 7 8 9 10 12 13 15 16 17 | 17.2
Spellcasting   | 3 4 6 7 8 9 10 11 13 14 15 16 | 16.1
Transmutations | 2 3 5 |  5.0
Earth Magic    | 3 4 6 7 9 10 12 13 15 16 17 | 17.2
Conjurations   | 1 4 5 7 8 9 11 12 14 | 14.4
Fire Magic     | 1 2 4 5 7 8 11 | 11.7
Fighting       | 1 6 7 |  7.0
Armour         | |  0.9
Stealth        | |  3.0

Action                   |  1- 3 |  4- 6 |  7- 9 | 10-12 | 13-15 || total
-------------------------+-------+-------+-------+-------+-------++-------
Melee: Quarterstaff      |       |     1 |       |       |       ||     1
 Cast: Sandblast         |    34 |     3 |    25 |    19 |       ||    81
       Stone Arrow       |       |     7 |    35 |   134 |     2 ||   178
       Foxfire           |       |     4 |    11 |       |       ||    15
       Iron Shot         |       |       |       |    73 |    20 ||    93
       Fireball          |       |       |       |     5 |       ||     5
  Use: Potion            |     4 |       |     5 |     4 |     3 ||    16
       Scroll            |     1 |       |       |       |     1 ||     2
Armor: Robe              |       |       |       |     3 |       ||     3
Dodge: Dodged            |    17 |     2 |    24 |    41 |     7 ||    91
